 Dungeon Crawl Stone Soup version 0.17.1-1-g73c8601 (webtiles) character file.

62 Gargoyl the Skirmisher (level 3, -1/29 HPs)
             Began as a Demonspawn Abyssal Knight on Dec 29, 2015.
             Was a Follower of Lugonu.
             Slain by a crimson imp (2 damage)
             ... summoned by Natasha
             ... on level 2 of the Dungeon.
             The game lasted 00:01:57 (1379 turns).

Gargoyl the Skirmisher (Demonspawn Abyssal Knight)  Turns: 1379, Time: 00:01:57

Health: -1/29      AC:  5    Str: 13    XL:     3   Next: 85%
Magic:  5/5        EV: 10    Int: 13    God:    Lugonu [*.....]
Gold:   103        SH:  0    Dex: 12    Spells: 0 memorised, 2 levels left

rFire  . . .     SeeInvis .     a - +1 hand axe
rCold  . . .     Clarity  .     j - +0 ring mail
rNeg   . . .     SustAt   .     (no shield)
rPois  .         Gourm    .     (no helmet)
rElec  .         Spirit   .     (no cloak)
rCorr  .         Warding  .     (no gloves)
rMut   .         Stasis   .     (no boots)
MR     .....                    (no amulet)
Stlth  +.........               (no ring)
                                m - ring of flight

@: lethally poisoned (-1 -> -4), slowed, very slow, not resistant to hostile
enchantments, very unstealthy
A: claws 1
a: Depart the Abyss, Renounce Religion, Evoke Flight


You were on level 2 of the Dungeon.
You worshipped Lugonu.
Lugonu was aware of your devotion.
You were not hungry.

You visited 1 branch of the dungeon, and saw 2 of its levels.
You visited the Abyss 1 time.

You collected 103 gold pieces.

Inventory:

Hand Weapons
 a - a +1 hand axe (weapon)
Armour
 j - a +0 ring mail (worn)
Jewellery
 m - a ring of flight (left claw)
Scrolls
 b - a scroll of enchant weapon {unknown}
 c - a scroll of recharging {unknown}
 g - 2 scrolls of teleportation {unknown}
 l - 2 scrolls of identify {unknown}
Potions
 d - a potion of resistance {unknown}
 e - 2 potions of degeneration {unknown}
 i - a potion of beneficial mutation {unknown}
 k - a potion of might {unknown}
 n - a potion of agility {unknown}
Comestibles
 f - 2 beef jerkies
 h - a meat ration


   Skills:
 + Level 3.6 Fighting
 + Level 2.4 Axes
 + Level 2.0 Armour
 + Level 1.6 Dodging
 + Level 3.0 Invocations


You had 2 spell levels left.
You didn't know any spells.

Dungeon Overview and Level Annotations

Branches:
Dungeon (2/15)

Altars:

Annotations:
D:2 Natasha


Innate Abilities, Weirdness & Mutations

You have sharp fingernails.


Message History

The bat hits you but does no damage. The bat barely misses you.
You hit the bat.
You kill the bat!
Lugonu accepts your kill.
You feel sick. Natasha casts a spell at you. The magic dart hits you!
Unknown command.
A worm comes into view.
The white imp barely misses you. Natasha misses you. The crimson imp hits you.
Found 14 gold pieces.
You hit Natasha but do no damage. You hit the white imp.
The white imp is moderately wounded.
You completely miss the crimson imp. The white imp gestures at you.
The puff of frost hits you!
* * * LOW HITPOINT WARNING * * *
Natasha stares at you and mumbles some strange words.
You feel yourself slow down. The crimson imp hits you.
You die...

....................#
#......###..........#
##### #..........# .
#####.###### .
#..####.## .........#
#### ###.###..# .....
#......##..w...
#####.5@h......
#..#5.[....
#..........
.....#......
$............
#.##..##...### #.
#... ..# . #.. #..


You could see a worm, Natasha, a crimson imp and a white imp.

Vanquished Creatures
  Natasha (D:2)
  An adder (D:2)
  A worm (D:2)
  3 giant cockroaches
  2 goblins (D:1)
  5 hobgoblins (D:1)
  3 kobolds (D:1)
  A ball python (D:1)
  5 bats
  A giant newt (D:1)
  3 rats (D:1)
26 creatures vanquished.

Notes
Turn   | Place    | Note
--------------------------------------------------------------
     0 | Abyss:1  | Gargoyl the Demonspawn Abyssal Knight began the quest for the Orb.
     0 | Abyss:1  | Reached XP level 1. HP: 18/18 MP: 2/2
     1 | Abyss:1  | Found a corrupted altar of Lugonu.
    16 | Abyss:1  | Noticed a ynoxinul
    21 | Abyss:1  | Noticed a wretched star
    26 | D:1      | Escaped the Abyss
   317 | D:1      | Reached skill level 1 in Dodging
   463 | D:1      | Gained mutation: You have sharp fingernails. [demonic ancestry]
   463 | D:1      | Reached XP level 2. HP: 21/24 MP: 3/3
   772 | D:1      | Reached * piety under Lugonu
  1147 | D:2      | Noticed Natasha
  1155 | D:2      | Killed Natasha
  1155 | D:2      | Reached XP level 3. HP: 12/29 MP: 5/5
  1372 | D:2      | Noticed Natasha
  1379 | D:2      | HP: 1/29 [white imp/puff of frost[Natasha] (10)]
  1379 | D:2      | Slain by a crimson imp

Action                   || total
-------------------------++-------
Melee: Hand axe          ||    81
Invok: Depart the Abyss  ||     1
  Eat: Bread ration      ||     1
